 Dungeon Crawl Stone Soup version 0.26-a0-1181-gd376ed14c5 (webtiles) character file.

Game seed: 10554333590335259292

30545 raph the Zephyrmancer (level 13, -16/76 HPs)
             Began as a Tengu Air Elementalist on Dec 25, 2020.
             Was a High Priest of Vehumet.
             Demolished by a death yak (21 damage)
             ... on level 4 of the Lair of Beasts.
             The game lasted 00:54:54 (20073 turns).

raph the Zephyrmancer (Tengu Air Elementalist)     Turns: 20073, Time: 00:54:55

Health: -16/76     AC: 14    Str: 15    XL:     13   Next: 52%
Magic:  18/36      EV: 20    Int: 19    God:    Vehumet [*****.]
Gold:   726        SH:  6    Dex: 14    Spells: 3/30 levels left

rFire    . . .     SeeInvis +   a - +7 dagger (venom)
rCold    . . .     Faith    +   m - +1 buckler
rNeg     . . .     Spirit   .   P - +5 robe of Night {Dark Will+ SInv}
rPois    .         Reflect  .   y - +1 hat
rElec    .         Harm     .   w - +0 cloak
rCorr    .         Rampage  .   N - +0 pair of gloves
Will     +....                  (boots unavailable)
Stlth    +++.......             k - amulet of faith
HPRegen  0.22/turn              g - ring "Ahuirr" {AC+4 Str+4 SInv}
MPRegen  0.25/turn              e - ring of magical power

@: flying quickly and evasively, quick
A: beak, talons 3, able to fly
a: Stop Flying, Renounce Religion


You were on level 4 of the Lair of Beasts.
You worshipped Vehumet.
Vehumet was extremely pleased with you.
You visited 3 branches of the dungeon, and saw 17 of its levels.
You also visited: Ice Cave.

You collected 770 gold pieces.
You spent 44 gold pieces at shops.

Inventory:

Hand Weapons
 a - a +7 dagger of venom (weapon)
 j - a +0 scimitar of flaming
 L - a +0 short sword
Armour
 m - a +1 buckler (worn)
 v - a +1 troll leather armour
 w - a +0 cloak (worn)
 y - a +1 hat (worn)
 N - a +0 pair of gloves (worn)
 P - the +5 robe of Night (worn) {Dark Will+ SInv}
   (You found it on level 2 of the Lair of Beasts)

   It affects your willpower, your defense against some magical effects.
   It lets you see invisible.
 R - the +2 robe "Qostrol" {rN++ Str+4 Dex-3}
   (You found it on level 11 of the Dungeon)

   It affects your strength (+4).
   It affects your dexterity (-3).
   It greatly protects you from negative energy.
Magical Staves
 b - an uncursed staff of fire
 O - an uncursed staff of poison
Jewellery
 c - an uncursed ring of willpower
 e - a ring of magical power (right hand)
 f - an uncursed amulet of the acrobat {unknown}
 g - the ring "Ahuirr" (left hand) {AC+4 Str+4 SInv}
   (You found it in an ice cave)

   [ring of protection]

   It affects your AC (+4).
   It affects your strength (+4).
   It lets you see invisible.
 k - an amulet of faith (around neck)
 l - an uncursed ring of ice
 o - an uncursed ring of protection from fire
 p - a +4 ring of slaying {unknown}
 r - an uncursed ring of poison resistance
 E - a cursed amulet of inaccuracy {unknown}
 I - an uncursed ring of see invisible
Wands
 q - a wand of polymorph (19)
 s - a wand of disintegration (16)
 C - a wand of paralysis (7)
 F - a wand of flame (37)
 G - a wand of enslavement (9)
 J - a wand of iceblast (20)
Scrolls
 i - 2 scrolls of fog
 x - 2 scrolls of blinking
 A - 2 scrolls of teleportation
 B - 2 scrolls of magic mapping
 D - 5 scrolls of remove curse
Potions
 d - a potion of lignification
 h - a potion of curing
 n - 3 potions of might
 t - 3 potions of haste
 u - 2 potions of cancellation
 z - 3 potions of resistance
 H - 2 potions of berserk rage {unknown}
 K - a potion of attraction {unknown}
 M - a potion of heal wounds {unknown}


   Skills:
 + Level 6.7 Fighting
 * Level 6.0 Short Blades
 + Level 8.0 Dodging
 - Level 5.9 Stealth
 - Level 4.0 Shields
 * Level 9.1 Spellcasting
 + Level 13.6 Conjurations
 - Level 1.9 Hexes
 * Level 2.3 Translocations
 - Level 2.8 Fire Magic
 + Level 14.0 Air Magic


You had 3 spell levels left.
You knew the following spells:

 Your Spells              Type           Power        Failure   Level
a - Shock                 Conj/Air       100%         1%          1
b - Swiftness             Air            58%          1%          2
c - Static Discharge      Conj/Air       57%          1%          3
d - Airstrike             Air            29%          1%          4
e - Iskenderun's Mystic   Conj/Tloc      39%          1%          4
f - Lightning Bolt        Conj/Air       28%          1%          5
g - Inner Flame           Hex/Fire       17%          2%          3
h - Mephitic Cloud        Conj/Pois/Air  43%          1%          3
i - Blink                 Tloc           N/A          4%          2

Your spell library contained the following spells:

 Spells                   Type           Power        Failure   Level
 Irradiate                Conj/Tmut      17%          4%          5
 Foxfire                  Conj/Fire      100%         1%          1
 Poisonous Vapours        Pois/Air       70%          1%          2
 Stone Arrow              Conj/Erth      68%          1%          3
 Sandblast                Erth           16%          2%          1
 Apportation              Tloc           34%          3%          1
 Corona                   Hex            17%          3%          1
 Ignite Poison            Fire/Tmut/Pois 12%          4%          3
 Slow                     Hex            16%          5%          2
 Sting                    Tmut/Pois      32%          9%          1
 Summon Small Mammal      Summ           32%          9%          1
 Portal Projectile        Hex/Tloc       32%          10%         3
 Teleport Other           Tloc           17%          10%         3
 Call Imp                 Summ           8%           12%         2
 Passwall                 Tmut/Erth      6%           12%         2
 Summon Guardian Golem    Hex/Summ       12%          16%         3
 Call Canine Familiar     Summ           8%           24%         3
 Hailstorm                Conj/Ice       34%          1%          4
 Summon Lightning Spire   Summ/Air       35%          4%          4
 Freezing Cloud           Conj/Ice/Air   21%          8%          6
 Iron Shot                Conj/Erth      17%          19%         6
 Olgreb's Toxic Radiance  Pois           8%           21%         4
 Cause Fear               Hex            8%           34%         4
 Leda's Liquefaction      Hex/Erth       6%           47%         4
 Lee's Rapid Deconstruct  Erth           4%           47%         5
 Petrify                  Tmut/Erth      8%           63%         4
 Summon Ice Beast         Ice/Summ       8%           63%         4
 Disjunction              Tloc           8%           100%        8


Dungeon Overview and Level Annotations

Branches:
Dungeon (11/15)            Temple (0/1) D:6            Lair (5/6) D:11
  Swamp (0/4) Lair:2        Snake (0/4) Lair:2          Orc (1/2) D:9
  IceCv (visited)
  Slime: Lair:5-6

Altars:
Fedhas
Gozag
Makhleb
Nemelex Xobeh
Qazlal
Ru
Trog
Vehumet
Wu Jian
Zin

Shops:
D:10 ((}*

Portals:
Trove: D:10 (give 12 scrolls of teleportation)

Annotations:
D:7 1 runed translucent door, kannibaal's ghost, novice MiBe


Innate Abilities, Weirdness & Mutations

You have a beak for a mouth.
You have claws for feet.
You can fly continuously.


Message History

Confirm with . or Enter, or press ? or * to list all spells.
The death yak is struck by an arc of lightning!
The death yak is severely wounded.
The lightning grounds out.
The death yak gores you! The death yak completely misses you.
The death yak misses you.
Unknown command.
Casting: Static Discharge (safe; 1% risk of failure)
Confirm with . or Enter, or press ? or * to list all spells.
The death yak is struck by an arc of lightning!
The death yak is moderately wounded.
The death yak is struck by an arc of lightning!
The death yak is moderately wounded.
The death yak is struck by an arc of lightning.
The death yak is moderately wounded.
The death yak is struck by an arc of lightning!
The death yak is severely wounded.
The lightning grounds out.
The death yak gores you! The death yak gores you!!
* * * LOW HITPOINT WARNING * * *
The death yak gores you!!
You die...

........†.#..#..####
#..........
...........†....#
##..........
#.............÷.##
#.#.........
.................#
###.........
.........P####.÷.#
#.##♣♣..♣♣
.....###### ##..##
### ♣♣..♣ .# ##....#
♣..♣♣ #.÷...##
♣♣♣...♣♣ ####@Y.###
♣....... #.#YY.#.#
♣♣.......
####.#....###
♣........
#.##.F......#
♣....>...
###.......##..#
♣........
##...........###
♣♣.......
##..Y...#.....#
♣.......
##.....##.....##
♣♣♣...♣♣
####......####.P##
♣♣♣♣♣


You could see 3 death yaks and a cane toad.

Vanquished Creatures
  Josephine (D:11)
  3 hydras
  A boulder beetle (D:11)
  2 death yaks (Lair:4)
  2 two-headed ogres (D:10)
  Erica (D:8)
  Nergalle (Lair:1)
  An ugly thing (D:7)
  A cyclops (D:11)
  8 elephants (Lair:4)
  10 cane toads
  A black mamba (Lair:2)
  5 komodo dragons
  2 guardian mummies (D:10)
  3 trolls
  A tyrant leech (Lair:2)
  A polar bear (Lair:5)
  16 blink frogs
  Sigmund (D:3)
  2 spriggans (Lair:5)
  4 wraiths (D:11)
  2 wyverns
  2 basilisks
  7 yaks
  A steam dragon (Lair:2)
  A naga (Lair:2)
  Duvessa (D:7)
  6 orc warriors
  9 water moccasins
  9 ice beasts
  4 black bears
  4 sky beasts
  6 ogres
  19 wolves
  2 centaurs
  13 bullfrogs
  Dowan (D:7)
  2 scorpions
  A water moccasin skeleton (D:6)
  10 killer bees
  4 howler monkeys
  An electric eel (Lair:3)
  A crimson imp (D:6)
  2 centaur zombies
  3 hounds
  6 orc priests
  5 jellies
  7 orc wizards
  Crazy Yiuf (D:4)
  A gnoll shaman (D:6)
  Ijyb (D:5)
  A hell rat (Lair:2)
  3 iguanas
  7 worker ants
  A hound zombie (D:10)
  A hound skeleton (D:4)
  5 gnolls (D:6)
  2 river rats (Lair:2)
  11 adders
  2 shadow imps
  3 white imps
  An ufetubus (D:6)
  3 adder skeletons
  4 worms
  2 dart slugs
  5 leopard geckos
  29 orcs
  2 giant cockroaches
  4 goblins
  8 hobgoblins
  6 jackals
  8 kobolds
  6 quokkas
  2 bats
  4 frilled lizards
  A giant cockroach zombie (D:5)
  A leopard gecko skeleton (D:6)
  A leopard gecko zombie (D:6)
  15 rats
337 creatures vanquished.

Vanquished Creatures (others)
  A troll (D:11)
  A worker ant (D:6)
  2 human simulacra (D:11)
  An ufetubus (D:6)
  A leopard gecko (D:6)
  An orc (D:6)
  79 foxfires
  58 fungi
  60 plants
204 creatures vanquished.

Grand Total: 541 creatures vanquished

Notes
Turn   | Place    | Note
-------+----------+-------------------------------------------
     0 | D:1      | raph the Tengu Air Elementalist began the quest for the
                  | Orb.
     0 | D:1      | Reached XP level 1. HP: 10/10 MP: 4/4
   346 | D:1      | Reached XP level 2. HP: 14/15 MP: 3/6
   545 | D:1      | Learned a level 2 spell: Swiftness
  1260 | D:2      | Reached XP level 3. HP: 19/19 MP: 7/7
  1340 | D:2      | Learned a level 3 spell: Static Discharge
  1513 | D:2      | Reached XP level 4. HP: 24/24 MP: 8/8
  1565 | D:2      | Reached skill level 5 in Air Magic
  1868 | D:2      | Found a blossoming altar of Fedhas.
  2295 | D:3      | Found an opulent altar of Gozag.
  2417 | D:3      | Found a radiant altar of Vehumet.
  2421 | D:3      | Became a worshipper of Vehumet
  2568 | D:3      | Noticed Sigmund
  2592 | D:3      | Found an ornate altar of the Wu Jian Council.
  2617 | D:4      | Gained mutation: You can fly continuously. [Tengu growth]
  2617 | D:4      | Reached XP level 5. HP: 28/28 MP: 9/9
  2681 | D:4      | Noticed an ogre
  2700 | D:4      | Killed an ogre
  2811 | D:4      | Reached skill level 6 in Air Magic
  2811 | D:4      | Reached XP level 6. HP: 25/32 MP: 11/11
  2958 | D:4      | Learned a level 4 spell: Airstrike
  3202 | D:4      | Found a runed translucent door.
  3203 | D:4      | Noticed Crazy Yiuf
  3235 | D:4      | Killed Crazy Yiuf
  3952 | D:5      | Entered Level 5 of the Dungeon
  4132 | D:5      | Reached * piety under Vehumet
  4132 | D:5      | Offered knowledge of Foxfire by Vehumet.
  4133 | D:5      | Reached skill level 5 in Conjurations
  4150 | D:5      | Learned a level 1 spell: Foxfire
  4309 | D:5      | Noticed Ijyb
  4325 | D:5      | Killed Ijyb
  4408 | D:5      | Found a radiant altar of Vehumet.
  4458 | D:5      | Found a stormy altar of Qazlal.
  4473 | D:5      | Reached skill level 1 in Shields
  4527 | D:5      | Reached XP level 7. HP: 31/36 MP: 12/12
  4720 | D:5      | Reached skill level 7 in Air Magic
  5508 | D:3      | Killed Sigmund
  5509 | D:3      | Reached skill level 8 in Air Magic
  5509 | D:3      | Reached XP level 8. HP: 41/41 MP: 14/14
  5732 | D:6      | Found a sparkling altar of Nemelex Xobeh.
  6334 | D:6      | Offered knowledge of Magic Dart by Vehumet.
  6461 | D:6      | Reached ** piety under Vehumet
  6467 | D:6      | Noticed a troll
  6476 | D:6      | Killed a troll
  6477 | D:6      | Reached skill level 9 in Air Magic
  6594 | D:6      | Reached XP level 9. HP: 30/45 MP: 12/16
  6774 | D:6      | Found a glowing silver altar of Zin.
  6798 | D:6      | Learned a level 5 spell: Lightning Bolt
  6923 | D:6      | Found a staircase to the Ecumenical Temple.
  7003 | D:6      | Found a burning altar of Makhleb.
  7724 | D:7      | Noticed Dowan
  7725 | D:7      | Noticed Duvessa
  7734 | D:7      | Killed Duvessa
  7735 | D:7      | Killed Dowan
  7965 | D:7      | Found a runed translucent door.
  7965 | D:7      | Noticed kannibaal's ghost (novice MiBe)
  8110 | D:7      | Found a bloodstained altar of Trog.
  8244 | D:7      | Got a blackened leather armour
  8255 | D:7      | Identified the cursed +1 leather armour of Genneuw {rElec
                  | Str+3 Dex-2} (You found it on level 7 of the Dungeon)
  8271 | D:7      | Noticed a white ugly thing
  8420 | D:7      | Killed a white ugly thing
  8421 | D:7      | Reached skill level 1 in Fighting
  8421 | D:7      | Reached skill level 10 in Air Magic
  8675 | D:8      | Reached skill level 5 in Spellcasting
  8853 | D:8      | Offered knowledge of Inner Flame by Vehumet.
  8878 | D:8      | Noticed Erica
  8891 | D:8      | Killed Erica
  8892 | D:8      | Reached skill level 10 in Conjurations
  8892 | D:8      | Reached XP level 10. HP: 30/53 MP: 5/18
  9032 | D:8      | Found a sacrificial altar of Ru.
  9383 | D:8      | Learned a level 3 spell: Inner Flame
  9623 | D:9      | Reached *** piety under Vehumet
  9624 | D:9      | Reached skill level 11 in Air Magic
 10062 | D:9      | Reached skill level 1 in Fire Magic
 10062 | D:9      | Offered knowledge of Sticky Flame by Vehumet.
 10131 | D:9      | Found a staircase to the Orcish Mines.
 10681 | Orc:1    | Entered Level 1 of the Orcish Mines
 10693 | D:9      | Reached skill level 1 in Hexes
 10777 | D:9      | Reached **** piety under Vehumet
 10842 | D:10     | Entered Level 10 of the Dungeon
 10905 | D:10     | Found Helopn's General Store.
 10913 | D:10     | Bought a scroll of identify for 22 gold pieces
 10913 | D:10     | Bought a scroll of identify for 22 gold pieces
 10945 | D:10     | Noticed a two-headed ogre
 10952 | D:10     | Killed a two-headed ogre
 11120 | D:10     | Found Meocsuse's Gadget Emporium.
 11347 | D:10     | Found Vaecy's Antique Weapon Boutique.
 11353 | D:10     | Offered knowledge of Frozen Ramparts by Vehumet.
 11649 | D:10     | Found a portal to a secret trove of treasure.
 11690 | D:10     | Found Xid Tiugh's Antique Weapon Shoppe.
 11830 | D:10     | Noticed a two-headed ogre
 11839 | D:10     | Killed a two-headed ogre
 11840 | D:10     | Reached skill level 5 in Dodging
 11840 | D:10     | Reached skill level 5 in Stealth
 11840 | D:10     | Reached XP level 11. HP: 60/60 MP: 15/20
 12024 | D:11     | Reached skill level 12 in Air Magic
 12234 | D:11     | Learned a level 3 spell: Mephitic Cloud
 12405 | D:11     | Noticed a cyclops
 12417 | D:11     | Killed a cyclops
 12456 | D:11     | Noticed Josephine
 12461 | D:11     | Killed Josephine
 12841 | D:11     | Got a colourful robe
 12856 | D:11     | Identified the +2 robe "Qostrol" {rN++ Str+4 Dex-3} (You
                  | found it on level 11 of the Dungeon)
 12875 | D:11     | Identified a scroll of acquirement
 12875 | D:11     | Acquired the Collected Works on Battle Magic
 13093 | D:11     | Noticed a boulder beetle
 13096 | D:11     | Found a staircase to the Lair.
 13117 | D:11     | Killed a boulder beetle
 13162 | Lair:1   | Entered Level 1 of the Lair of Beasts
 13167 | Lair:1   | Noticed Nergalle
 13174 | Lair:1   | Killed Nergalle
 13598 | Lair:1   | Reached skill level 13 in Air Magic
 13648 | Lair:1   | Noticed a seven-headed hydra
 13655 | Lair:1   | Found a frozen archway.
 13664 | IceCv    | Entered an ice cave
 13676 | IceCv    | Reached XP level 12. HP: 29/68 MP: 16/23
 13708 | IceCv    | Reached skill level 5 in Fighting
 13824 | IceCv    | Got a flickering silver ring
 13830 | IceCv    | Identified the ring "Ahuirr" {AC+4 Str+4 SInv} (You found
                  | it in an ice cave)
 14298 | Lair:1   | Killed a seven-headed hydra
 14299 | Lair:1   | Reached ***** piety under Vehumet
 14887 | Lair:2   | Offered knowledge of Iskenderun's Mystic Blast by Vehumet.
 14894 | Lair:2   | Learned a level 4 spell: Iskenderun's Mystic Blast
 14962 | Lair:2   | Found the +5 robe of Night {Dark Will+ SInv}
 15088 | Lair:2   | Reached skill level 1 in Short Blades
 15222 | Lair:2   | Noticed an eight-headed hydra
 15238 | Lair:2   | Killed an eight-headed hydra
 15751 | Lair:2   | Found a staircase to the Swamp.
 15815 | Lair:2   | Noticed a five-headed hydra
 15819 | Lair:2   | Killed a five-headed hydra
 16309 | Lair:2   | Found a staircase to the Snake Pit.
 18126 | Lair:3   | Reached XP level 13. HP: 74/74 MP: 26/26
 18294 | Lair:3   | Reached skill level 5 in Short Blades
 18833 | Lair:3   | You are sucked into a shaft and drop 2 floors!
 18845 | Lair:5   | Identified the Papyrus of the Wary Tusks
 18850 | Lair:5   | Learned a level 2 spell: Blink
 18993 | Lair:5   | Offered knowledge of Irradiate by Vehumet.
 19106 | Lair:5   | Reached skill level 1 in Translocations
 19661 | Lair:4   | Reached skill level 14 in Air Magic
 20073 | Lair:4   | Demolished by a death yak

Illustrated notes

Levels and vault maps discovered:
D:1:      psy_arrival_dodecagon, layout_basic, item_on_display_a
D:2:      layout_loops_ring, fedhas_ov_isle_minmay, kennysheep_generic_room_13
D:3:      layout_rooms, vehumet_crystals, nicolae_gozag_seed_capital,
          lemuel_crystal_altar, uniq_sigmund
D:4:      layout_loops_ring, minmay_hedge_maze, lightli_corner_chamber,
          uniq_crazy_yiuf_cottage
D:5:      layout_basic, nicolae_overflow_hidden_temple, basic_altar, uniq_ijyb
D:6:      wad_pebble_path, layout_rooms, lemuel_round_altar,
          makhleb_grotto_becter, nicolae_overflow_crystal_walls, temple_doors_e,
          lemuel_flamethrower_2
D:7:      layout_loops_ring, kennysheep_mini_moat, ebering_ghost_inner_flame,
          minivault_4, uniq_duvessa
D:8:      layout_cave_pools, nicolae_ru_great_annihilating_truth, uniq_erica
D:9:      layout_loops_ring, orc_0_dummy
D:10:     layout_irregular_city, nicolae_trove_entry_path_of_doom, serial_shops,
          nicolae_shop_waterfront, nicolae_shop_overgrown_old_shop, shop,
          kennysheep_mini, minivault_19
D:11:     layout_basic, grunt_lair_entry_orc_guard_hut, bh_circular_ruins,
          uniq_josephine
Lair:1:   layout_small_grid, portal_ice_cave_entry_pillars_2,
          infiniplex_staircase_pool_2, uniq_nergalle
Lair:2:   layout_gridlike, palyth_hydra_swamp_entry,
          guppyfry_snake_entry_island, kennysheep_abandoned_house
Lair:3:   layout_regular_city, serial_bayou, serial_bayou_pond_c,
          serial_bayou_pond_c, serial_bayou_shore_b, serial_bayou_pond_a,
          serial_bayou_pond_a
Lair:4:   layout_cave_pods, forest_entry_grove
Lair:5:   layout_roguey, chequers_serial_rivers_micro_a,
          chequers_serial_rivers_large_b
Orc:1:    cheibrodos_orc_bank, layout_diamond_mine, david_defended_altar_orc

Skill      XL: |  1  2  3  4  5  6  7  8  9 10 11 12 13 |
---------------+----------------------------------------+-----
Conjurations   | 2 3 4 5 6 8 10 11 12 13 | 13.6
Air Magic      | 5 6 8 9 10 11 13 14 | 14.0
Spellcasting   | 3 4 5 6 8 9 |  9.1
Shields        | 1 2 3 4 |  4.0
Fighting       | 2 3 4 6 |  6.7
Dodging        | 3 5 6 7 8 |  8.0
Stealth        | 3 5 |  5.9
Fire Magic     | 2 |  2.8
Hexes          | 1 |  1.9
Short Blades   | 4 6 |  6.0
Translocations | 2 |  2.3

Action                   |  1- 3 |  4- 6 |  7- 9 | 10-12 | 13-15 || total
-------------------------+-------+-------+-------+-------+-------++-------
Melee: Unarmed           |     3 |       |       |       |       ||     3
       Short sword       |     5 |       |       |       |       ||     5
       Peck              |     1 |     4 |    11 |    46 |    30 ||    92
       Dagger            |       |    54 |    59 |   262 |   158 ||   533
       Kick              |       |     9 |    12 |    64 |    49 ||   134
 Cast: Shock             |    57 |    69 |    17 |     2 |     1 ||   146
       Static Discharge  |       |    10 |    18 |     7 |     3 ||    38
       Foxfire           |       |     9 |    23 |    15 |       ||    47
       Airstrike         |       |     3 |    45 |   160 |    24 ||   232
       Lightning Bolt    |       |       |     4 |    56 |    15 ||    75
       Mephitic Cloud    |       |       |       |     2 |     7 ||     9
       Inner Flame       |       |       |       |     1 |     1 ||     2
       Swiftness         |       |       |       |     1 |       ||     1
       Blink             |       |       |       |       |     2 ||     2
       Iskenderun's Myst |       |       |       |       |     1 ||     1
 Abil: Fly               |       |     1 |       |       |       ||     1
Evoke: Wand              |       |       |       |     6 |       ||     6
  Use: Scroll            |       |    12 |    10 |    16 |       ||    38
       Potion            |       |       |       |     3 |       ||     3
 Stab: Sleeping          |     3 |     4 |     4 |    12 |       ||    23
       Paralysed         |       |       |       |     1 |       ||     1
       Confused          |       |       |       |     2 |     4 ||     6
       Distracted        |       |       |       |       |     1 ||     1
Armor: Robe              |     1 |     9 |     7 |    24 |    42 ||    83
       Troll leather arm |       |       |    12 |    28 |       ||    40
Dodge: Dodged            |    14 |    50 |    49 |   249 |   157 ||   519
Block: Buckler           |       |       |    13 |   102 |    41 ||   156

Table legend: (Time is in decaauts)
 A = Elapsed time spent in this place.
 B = Non-inter-level travel time spent in this place.
 C = Inter-level travel time spent in this place.
 D = Time resting spent in this place.
 E = Time spent auto-exploring this place.
 F = Levels seen in this place.
 G = Mean time per level.
                   A        B        C        D        E       F      G
               +--------+--------+--------+--------+--------+-----+--------+
         Total |  19296 |  18715 |    581 |   8780 |   6955 |  18 | 1072.0 |
       Dungeon |  12955 |  12439 |    516 |   5206 |   5319 |  11 | 1177.7 |
          Lair |   6161 |   6096 |     65 |   3478 |   1635 |   5 | 1232.2 |
  Orcish Mines |      2 |      2 |      0 |      0 |      0 |   1 |    2.0 |
      Ice Cave |    176 |    176 |      0 |     95 |      0 |   1 |  176.0 |
               +--------+--------+--------+--------+--------+-----+--------+

Top non-repeatable levels by time:
  Lair:2: 3235 daAuts
     D:6: 1714 daAuts
     D:5: 1496 daAuts
    D:11: 1433 daAuts
     D:4: 1303 daAuts
     D:1: 1230 daAuts
     D:9: 1205 daAuts
     D:7: 1172 daAuts
    D:10: 1080 daAuts
  Lair:1: 1050 daAuts
     D:2: 1033 daAuts
     D:8: 758 daAuts
  Lair:3: 698 daAuts
  Lair:5: 681 daAuts
     D:3: 527 daAuts
